 Dungeon Crawl Stone Soup version 0.17-a0-633-gcf22183 (webtiles) character file.

1410 Psiweapon the Bolt Thrower (level 9, -8/53 HPs)
             Began as a Kobold Hunter on Apr 17, 2015.
             Was a Follower of Okawaru.
             Mangled by Prince Ribbit (13 damage)
             ... on level 5 of the Dungeon.
             The game lasted 00:13:57 (4707 turns).

Psiweapon the Bolt Thrower (Kobold Hunter)          Turns: 4707, Time: 00:13:57

Health: -8/53      AC:  7    Str: 10    XL:     9   Next: 1%
Magic:  11/11      EV: 19    Int:  9    God:    Okawaru [*.....]
Gold:   228        SH:  0    Dex: 20    Spells: 0 memorised, 8 levels left

rFire  . . .     SeeInvis .     B - +3 quarterstaff (chaos)
rCold  . . .     Clarity  .     d - +0 leather armour
rNeg   . . .     SustAb   .     (shield restricted)
rPois  +         Gourm    .     p - +1 helmet
rElec  .         Spirit   .     C - +1 cloak {rPois}
rCorr  .         Warding  .     (no gloves)
rMut   .         Stasis   .     (no boots)
MR     .....                    (no amulet)
Stlth  ++++......               (no ring)
                                (no ring)

@: not resistant to hostile enchantments, stealthy
A: carnivore 3
a: Heroism, Renounce Religion


You were on level 5 of the Dungeon.
You worshipped Okawaru.
Okawaru was aware of your devotion.
You were completely stuffed.

You visited 2 branches of the dungeon, and saw 6 of its levels.

You collected 228 gold pieces.

Inventory:

Hand weapons
 a - a +2 hand axe of electrocution
 b - a +1 hand crossbow
 j - a +0 short sword
 w - a +1 vampiric falchion
 B - a +3 quarterstaff of chaos (weapon)
 I - a +1 dagger of speed
Missiles
 c - 7 bolts
 y - 2 tomahawks (quivered)
Armour
 d - a +0 leather armour (worn)
 i - a +0 helmet
 p - a +1 helmet (worn)
 C - a +1 cloak of poison resistance (worn)
 J - a cursed +0 ring mail
Jewellery
 l - an uncursed amulet of faith
 t - an uncursed ring of stealth {unknown}
Magical devices
 D - a wand of enslavement (0)
 H - a wand of flame (31)
Scrolls
 e - 2 scrolls of enchant armour {unknown}
 k - 5 scrolls of identify {unknown}
 m - a scroll of random uselessness {unknown}
 o - a scroll of magic mapping {unknown}
 q - a scroll of fear {unknown}
 r - a scroll of remove curse {unknown}
 s - a scroll of recharging {unknown}
 z - a scroll of noise {unknown}
 F - a scroll of blinking {unknown}
Potions
 g - 4 potions of curing
 h - a potion of might {unknown}
 n - a potion of degeneration {unknown}
 v - a potion of poison {unknown}
 A - a potion of haste {unknown}
 E - a potion of agility {unknown}
 G - a potion of heal wounds {unknown}
Comestibles
 f - 2 meat rations
 u - 2 chunks of flesh
 x - a beef jerky


   Skills:
 + Level 4.9 Fighting
 - Level 1.4 Axes
 - Level 7.7 Crossbows
 - Level 2.3 Armour
 + Level 6.5 Dodging
 + Level 5.7 Stealth
 + Level 3.3 Invocations


You had 8 spell levels left.
You didn't know any spells.

Dungeon Overview and Level Annotations

Branches:
Dungeon (5/15)             Temple (1/1) D:4

Altars:
Elyvilon
Gozag
Makhleb
Nemelex Xobeh
Okawaru
Qazlal
Ru
Sif Muna
Vehumet
Xom
Yredelemnul
Zin

Annotations:
D:5 Edmund, Prince Ribbit


Innate Abilities, Weirdness & Mutations

You are small and have problems with some larger weapons.
You are carnivorous and can eat meat at any time.


Message History

You miss Prince Ribbit.
Prince Ribbit is severely wounded.
Prince Ribbit completely misses you. Prince Ribbit hits you.
Prince Ribbit hits you!!
* * * LOW HITPOINT WARNING * * *
Edmund shouts!
Prince Ribbit hits you but does no damage.
Prince Ribbit barely misses you. Prince Ribbit completely misses you.
Prince Ribbit barely misses you.
Things that are here:
a whip of freezing; a robe Prince Ribbit misses you.
Prince Ribbit hits you.
* * * LOW HITPOINT WARNING * * *
Prince Ribbit barely misses you. Prince Ribbit barely misses you.
Prince Ribbit rages.
Prince Ribbit hits you!
You die...

#.#######.........##.####.##...
#...(..(.....##...##.##........
#$#.......#..##...##.##....####
#.#####.##@##...##.##.)..####
#.##.##)..##.##....#...
#.##...#.##...#....#.##
#........##...#....#.##
#####.F####...#....#.#< ##@#
#...######... #.# #...#########
#.# #.........# #.#
##'#......###
#..####.#......... .
#.......#......### ..
##.####.#####.#### .... ..#
#.......#... ..... #.#
#.##.##.#.##


You could see Edmund and Prince Ribbit (berserk).

Vanquished Creatures
  Pikel (D:5)
  Sigmund (D:4)
  Duvessa (D:5)
  2 ogres (D:4)
  The ghost of 2ustice the Vexing, an average KoAM (D:3)
  A giant frog (D:4)
  Dowan (D:5)
  An orc priest (D:4)
  A quasit (D:4)
  3 hounds
  Crazy Yiuf (D:4)
  A worker ant zombie (D:5)
  6 adders
  A gnoll (D:1)
  4 worms
  3 giant geckos
  6 orcs
  9 bats
  A bat skeleton (D:5)
  2 giant cockroaches
  6 hobgoblins
  2 quokkas
  4 giant newts
  8 goblins
  8 kobolds
  10 rats
85 creatures vanquished.

Vanquished Creatures (others)
  A slave (D:5)
1 creature vanquished.

Grand Total: 86 creatures vanquished

Notes
Turn   | Place    | Note
--------------------------------------------------------------
     0 | D:1      | Psiweapon, the Kobold Hunter, began the quest for the Orb.
     0 | D:1      | Reached XP level 1. HP: 12/12 MP: 1/1
    21 | D:1      | Reached skill level 5 in Crossbows
   244 | D:1      | Reached XP level 2. HP: 15/17 MP: 2/2
   998 | D:1      | Reached XP level 3. HP: 13/22 MP: 3/3
  1520 | D:2      | Reached XP level 4. HP: 27/27 MP: 4/4
  1611 | D:2      | Found a shimmering altar of Xom.
  1698 | D:2      | Reached skill level 6 in Crossbows
  1698 | D:2      | Reached skill level 1 in Armour
  2345 | D:3      | Noticed 2ustice's ghost (average KoAM)
  2366 | D:4      | Noticed Sigmund
  2371 | D:4      | Reached XP level 5. HP: 31/31 MP: 5/5
  2381 | D:4      | Killed Sigmund
  2381 | D:4      | Reached skill level 7 in Crossbows
  2381 | D:4      | Reached XP level 6. HP: 23/36 MP: 6/6
  2498 | D:4      | Noticed a giant frog
  2503 | D:4      | Killed a giant frog
  2503 | D:4      | Reached skill level 1 in Axes
  2681 | D:3      | Reached XP level 7. HP: 40/40 MP: 7/7
  2719 | D:3      | Found a white marble altar of Elyvilon.
  2829 | D:3      | Killed 2ustice's ghost
  3519 | D:4      | Noticed an ogre
  3530 | D:4      | Killed an ogre
  3663 | D:4      | Found a staircase to the Ecumenical Temple.
  3683 | Temple   | Entered the Ecumenical Temple
  3799 | Temple   | Became a worshipper of Warmaster Okawaru
  3860 | D:4      | Noticed an ogre
  3868 | D:4      | Killed an ogre
  3868 | D:4      | Reached skill level 5 in Dodging
  3868 | D:4      | Reached skill level 1 in Invocations
  3868 | D:4      | Reached XP level 8. HP: 39/46 MP: 8/8
  3878 | D:4      | Found an opulent altar of Gozag.
  3984 | D:4      | Noticed Crazy Yiuf
  3997 | D:4      | Killed Crazy Yiuf
  4048 | D:5      | Entered Level 5 of the Dungeon
  4136 | D:5      | Noticed Edmund
  4233 | D:5      | Noticed Duvessa
  4277 | D:5      | Killed Duvessa
  4366 | D:5      | Acquired Okawaru's first power
  4446 | D:5      | Noticed Dowan
  4454 | D:5      | Killed Dowan
  4551 | D:5      | Noticed Pikel
  4578 | D:5      | Killed Pikel
  4578 | D:5      | Reached skill level 5 in Stealth
  4578 | D:5      | Reached XP level 9. HP: 24/53 MP: 9/11
  4684 | D:5      | Noticed Prince Ribbit
  4707 | D:5      | Mangled by Prince Ribbit

Action                   |  1- 3 |  4- 6 |  7- 9 || total
-------------------------+-------+-------+-------++-------
Melee: Short sword       |    25 |     1 |       ||    26
       Hand axe          |    11 |    50 |   111 ||   172
       Quarterstaff      |       |       |    16 ||    16
       Dagger            |       |       |     1 ||     1
 Fire: Hand crossbow     |    18 |    29 |    17 ||    64
  Use: Potion            |       |       |     1 ||     1
 Stab: Sleeping          |       |       |     4 ||     4
       Distracted        |       |       |     1 ||     1
  Eat: Chunk             |     9 |     4 |     7 ||    20
